Map: Récif abyssal EC

Players

zuka - Winner!

  • Race: Protoss Protoss
  • League: Master
  • Spawn Location: 11:00

GenMacArthur

  • Race: Zerg Zerg
  • League: Grandmaster
  • Spawn Location: 5:00

VOD

Have the link to the VOD?

Description

Time

  • Played on: July 27, 2017, 2 p.m.
  • Length: 7:28
Show
View Real Time Build Order
Export as new Build Order

zuka Protoss - Winner!

Build Orders: 1 Gate Expand 

Get SALT Encoding   

  12  0:01  Probe (Chrono Boost)  
  13  0:11  Probe (Chrono Boost)  
  14  0:18  Pylon  
  14  0:22  Probe (Chrono Boost)  
  15  0:37  Probe (Chrono Boost)  
  15  0:40  Gateway  
  16  0:47  Probe (Chrono Boost)  
  17  0:50  Assimilator  
  17  0:58  Probe (Chrono Boost)  
  17  1:00  Pylon  
  18  1:08  Probe (Chrono Boost)  
  19  1:19  Probe (Chrono Boost)  
  20  1:33  Nexus  
  20  1:42  Cybernetics Core  
  20  1:46  Probe (Chrono Boost)  
  21  1:53  Assimilator  
  21  1:56  Probe (Chrono Boost)  
  22  2:02  Pylon  
  22  2:07  Probe (Chrono Boost)  
  23  2:20  Adept (Chrono Boost), Warp Gate, Probe  
  26  2:32  Probe  
  26  2:34  Twilight Council  
  29  2:44  Probe, Stalker (Chrono Boost)  
  29  2:45  Probe  
  31  2:55  Probe  
  31  2:56  Probe  
  33  3:04  Robotics Facility  
  33  3:11  Probe  
  33  3:12  Probe  
  35  3:19  Adept (Chrono Boost)  
  37  3:20  Resonating Glaives (Chrono Boost)  
  37  3:21  Probe  
  37  3:24  Probe  
  37  3:25  Pylon  
  39  3:32  Probe  
  40  3:37  Probe  
  40  3:41  Gateway  
  41  3:43  Probe  
  42  3:49  Probe  
  42  3:54  Gateway  
  43  3:58  Warp Prism (Chrono Boost)  
  45  4:04  Gateway  
  45  4:12  Gateway  
  45  4:21  Pylon  
  45  4:23  Gateway  
  45  4:26  Adept  
  45  4:31  Immortal (Chrono Boost)  
  51  4:43  Sentry  
  53  4:46  Gateway  
  53  4:49  Gateway  
  53  4:52  Pylon  
  53  4:55  Sentry  
  55  5:03  Adept  
  55  5:04  Adept  
  59  5:11  Immortal (Chrono Boost)  
  59  5:13  Sentry  
  65  5:28  Gateway  
  65  5:30  Pylon  
  65  5:31  Adept x2  
  69  5:38  Pylon  
  69  5:48  Adept  
  69  5:49  Adept x3  
  77  5:50  Pylon  
  77  6:02  Pylon  
  77  6:05  Stalker  
  79  6:13  Adept  
  79  6:18  Adept  
  79  6:19  Adept  
  83  6:27  Pylon  
  83  6:28  Pylon  
  83  6:30  Adept  
  83  6:31  Adept  
  87  6:33  Adept x2  
  87  6:34  Adept x2  
  91  6:57  Adept x3, Sentry  
  91  6:59  Zealot  
  91  7:06  Adept x2  
  95  7:13  Zealot x2  
  95  7:22  Adept x2  
  83  7:23  Adept x2  
Show
View Real Time Build Order
Export as new Build Order

GenMacArthur Zerg 

Build Orders: Hatch First 

Get SALT Encoding   

  12  0:02  Drone  
  13  0:13  Overlord  
  13  0:18  Drone  
  14  0:31  Drone x2  
  14  0:34  Drone  
  17  0:57  Hatchery  
  17  0:59  Drone x2  
  18  1:18  Spawning Pool  
  17  1:28  Overlord  
  17  1:43  Drone  
  17  1:45  Extractor  
  17  1:53  Drone  
  18  2:04  Drone  
  18  2:05  Queen  
  18  2:07  Zergling x2  
  22  2:10  Queen  
  22  2:14  Drone  
  25  2:17  Zergling x2  
  26  2:30  Drone x3  
  26  2:36  Drone  
  30  2:50  Hatchery  
  29  2:54  Drone  
  29  2:58  Metabolic Boost  
  30  3:01  Drone  
  31  3:13  Drone x2  
  31  3:14  Overlord  
  31  3:18  Queen  
  35  3:25  Drone  
  36  3:33  Drone x2  
  36  3:34  Drone x3, Zergling x2  
  40  3:37  Overlord  
  42  3:44  Drone x2  
  44  3:56  Evolution Chamber  
  44  4:00  Overlord  
  44  4:01  Drone  
  44  4:03  Spore Crawler  
  44  4:04  Spore Crawler  
  44  4:05  Drone x3  
  44  4:06  Drone  
  44  4:09  Queen  
  46  4:13  Overlord  
  46  4:16  Baneling Nest  
  47  4:28  Extractor  
  47  4:29  Drone x3  
  49  4:32  Zerg Melee Weapons Level 1  
  49  4:35  Drone x2  
  49  4:36  Drone  
  49  4:38  Zergling x8  
  56  4:39  Zergling x2  
  56  4:53  Overlord x2  
  56  4:55  Zergling x10  
  56  4:59  Baneling x4  
  61  5:01  Baneling  
  58  5:15  Queen  
  58  5:17  Drone  
  58  5:19  Baneling  
  61  5:24  Baneling x3  
  61  5:25  Zergling x18  
  70  5:31  Overlord  
  70  5:35  Drone x5  
  74  5:36  Drone  
  75  5:45  Queen  
  75  5:48  Drone  
  75  5:49  Drone x3  
  81  5:56  Drone  
  81  5:57  Drone x3  
  85  6:00  Overlord  
  85  6:05  Lair  
  85  6:07  Spore Crawler, Drone x4  
  88  6:12  Overlord  
  88  6:13  Drone  
  89  6:18  Zergling x2  
  89  6:19  Zergling x6  
  89  6:24  Baneling x4  
  90  6:27  Zergling x2  
  90  6:28  Overlord x2  
  88  6:38  Overlord  
  88  6:39  Zergling x2  
  86  6:40  Zergling x10  
  77  7:01  Zergling x12  
  77  7:02  Zergling x4  
Tags
 
Add a new tag
Caveats
  • Supply blocks, unpowered buildings, or Contaminate may cause inaccurate times.
  • Supply counts are checked every 10 seconds.